AoeStats
← 关灯吃面

Arena

509564097Analyzed
1v1 RM · 6d ago on Sep 27, 2026· 23m 35s· 2 players
Game mode
Random Map
Map size
Tiny (2 player)
Population
200
Speed
Normal
Resources
Standard
Victory
Conquest
Starting age
Dark Age
Ending age
Imperial Age
RankedLock teamsTeams togetherTeam positionsShared explorationLock speedFull tech treeHidden civsTurbo modeCheats
Victory
Defeat
🇮🇩 Chinese · Indonesia
966
+18
🇨🇳 Teutons · China
1000
-54
Sir Aldi
0:25 Loom
9:05 Feudal Age
14:14 Castle Age
13:56 Double-Bit Axe
15:04 Horse Collar
20:24 Wheelbarrow
20:32 Town Watch
21:25 Hand Cart
21:41 Bow Saw
关灯吃面
0:57 Loom
10:55 Feudal Age
21:32 Castle Age
20:31 Double-Bit Axe
23:28 Bloodlines
Connection lost

Rejoining the realm…

Still unreachable

The connection could not be restored.

Session expired

The server has moved on; the page needs a fresh start.